Map: Acropolis LE

Players

pHARM - Winner!

  • Race: Zerg Zerg
  • League: Platinum
  • Spawn Location: 5:00

CTMC

  • Race: Zerg Zerg
  • League: Platinum
  • Spawn Location: 11:00

VOD

Have the link to the VOD?

Description

Time

  • Played on: Aug. 12, 2019, 3:57 p.m.
  • Length: 7:31
Show
View Real Time Build Order
Export as new Build Order

pHARM Zerg - Winner!

Build Orders: Hatch First 

Get SALT Encoding   

  12  0:01  Drone  
  13  0:12  Overlord  
  13  0:18  Drone  
  14  0:31  Drone x2  
  16  0:50  Drone  
  17  1:02  Drone x2  
  19  1:05  Hatchery  
  18  1:15  Spawning Pool  
  18  1:16  Drone  
  18  1:30  Drone x2  
  20  1:42  Extractor  
  20  1:46  Drone  
  20  2:04  Overlord  
  20  2:07  Queen  
  22  2:17  Queen  
  22  2:19  Drone x3  
  27  2:33  Drone x3  
  30  2:41  Drone  
  31  2:46  Lair  
  31  2:51  Overlord  
  31  2:52  Drone  
  31  2:53  Queen  
  34  3:02  Drone  
  34  3:03  Drone  
  36  3:21  Drone x6  
  42  3:27  Evolution Chamber  
  42  3:33  Roach Warren  
  40  3:40  Drone  
  40  3:41  Drone x3  
  44  3:42  Evolution Chamber  
  43  3:50  Drone  
  43  3:52  Extractor  
  43  3:54  Extractor, Zerg Missile Weapons Level 1  
  42  3:56  Overlord  
  42  4:09  Overlord x2  
  42  4:13  Roach  
  42  4:15  Roach x3  
  42  4:16  Roach  
  52  4:23  Spine Crawler  
  51  4:39  Roach x4  
  51  4:40  Drone x4  
  51  4:44  Glial Reconstitution  
  63  5:05  Overlord x2  
  63  5:08  Drone  
  63  5:09  Drone x2  
  63  5:10  Roach  
  63  5:11  Overlord x2  
  68  5:36  Overlord  
  68  5:37  Roach x4  
  76  5:52  Hatchery  
  76  5:55  Roach x5  
  80  6:13  Drone x4  
  79  6:56  Drone x7  
  79  6:57  Drone x2  
  84  7:10  Drone x5  
  84  7:11  Drone  
Show
View Real Time Build Order
Export as new Build Order

CTMC Zerg 

Build Orders: Hatch First 

Get SALT Encoding   

  12  0:01  Drone  
  13  0:12  Overlord  
  13  0:18  Drone  
  14  0:31  Drone x2  
  16  0:36  Drone  
  17  0:51  Hatchery  
  16  0:59  Drone x2  
  18  1:13  Extractor  
  18  1:14  Spawning Pool  
  18  1:16  Drone  
  17  1:27  Drone  
  18  1:38  Drone  
  18  1:39  Overlord  
  20  1:54  Drone  
  20  2:01  Zergling x2, Queen  
  22  2:03  Queen  
  22  2:04  Zergling x2  
  26  2:13  Drone  
  26  2:15  Metabolic Boost  
  27  2:30  Drone x3  
  30  2:44  Baneling Nest  
  30  2:45  Drone  
  30  2:46  Drone x2  
  30  2:48  Overlord  
  32  3:02  Drone x2  
  33  3:15  Drone  
  33  3:16  Overlord, Drone x3  
  37  3:24  Zergling x2  
  37  3:25  Zergling x2  
  39  3:27  Pneumatized Carapace  
  39  3:31  Zergling x2  
  40  3:43  Zergling x6  
  40  3:45  Overlord  
  40  3:46  Zergling x8  
  47  4:13  Lair  
  47  4:16  Zergling x14  
  54  4:17  Overlord x2, Zergling x4, Hatchery  
  54  4:19  Baneling x3  
  55  4:25  Extractor  
  55  4:26  Extractor  
  55  4:27  Extractor  
  52  4:46  Overlord  
  52  4:47  Overlord  
  46  5:01  Spore Crawler  
  46  5:03  Spore Crawler  
  44  5:07  Roach Warren  
  43  5:15  Baneling x3  
  43  5:17  Baneling x3  
  43  5:25  Drone x9  
  52  5:29  Queen  
  52  5:30  Overlord  
  54  5:38  Baneling x3  
  54  5:39  Baneling  
  54  5:49  Drone x4  
  58  5:50  Drone  
  58  5:51  Roach x2  
  60  6:24  Roach x4  
  60  6:25  Overlord, Roach x5  
  65  6:55  Roach x6  
  65  6:56  Roach x2  
Tags
 
Matchup
ZvZ
Race
Zerg
Replay Pack
10.7.19
Spawn Locations
Cross Positions
Add a new tag
Caveats
  • Supply blocks, unpowered buildings, or Contaminate may cause inaccurate times.
  • Supply counts are checked every 10 seconds.